Unix NetHack Version 5.0.0-0 post-release - last build Jun 10 2026 00:39:30 (3ee93aec679c4c4259841fe613dc97188e26a321,branch:main).

Game began 2026-06-19 12:22:50, ended 2026-06-21 00:48:39.

Jobair, chaotic female elven Wizard

       ----------
       |........|
       |........|           --------------------------------
       |........|           |..............................|
       |.........###########|.-----..........------|-.......####
       |......<.|#         #|.|...|.....)....|...|..|......|   #
       |.........#####     #|.|...-..........|...|..|......|   #
       ----------#   #     #|.|...|..----....|...|--|......|   ##     -------
                ##   #     #|.|-----.|..|....|...|..|......|    ####  |.....|
                #    #     #|.|....|.|..|....-|--|..|.----.|   #######-.....|
                #    ##### #|.|._..|.|..|.....{..-|--.|..|.|          |.@...|
                #        # #|.|....|.--|-.............-..|.|          -------
               ##        # #|.|....-......--(-....-|-----|.|
               #-----    # #|.|-------....|..|....|...|..|.|
               #|...|    ###|.|...|.{|)...|%[|....|(.(|..|.|
               #|...|     ##|.-...|..|....|!?|....|]((|..|.|
               #|[..|      #-.------|-.%..----.{..------|-.|
               #-...|      #|.)...).)......................|
                -----      #--------------------------------

Jobair the Thaumaturge    St:10 Dx:10 Co:16 In:20 Wi:10 Ch:10  Chaotic
Dlvl:6  $:45 HP:3(47) Pw:58(59) AC:9  Xp:6 T:3215 

Latest messages:
 You catch the crossbow bolt! k - a crossbow bolt.
 The 2nd crossbow bolt misses the gnome.
 You are hit by the 2nd crossbow bolt.
 You miss the gnome.  The gnome swings her bow.  The gnome hits!
 You miss the gnome.  The gnome swings her bow.  The gnome hits!
 The massive hammer hits!  Lightning strikes the gnome!
 The gnome swings her bow.  The gnome hits!
 The gnome shoots 2 crossbow bolts!
 The 1st crossbow bolt misses the gnome.
 You are hit by the 1st crossbow bolt.
 Wizard, your life force is running out.
 The 2nd crossbow bolt hits the gnome.
 There are several objects here.
 You can't go up here.
 You can't go down here.
 You can't go up here.
 You swap places with Godzilla.
 Godzilla is still eating.  You climb up the stairs.
 Really save? [yn] (n) y
 Saving...
 Restoring save file...
 Hello Jobair, the elven Wizard, welcome back to NetHack!
 Really quit without saving? [yn] (n) y
 Do you want your possessions identified? [ynq] (y) y
 Do you want to see your attributes? [ynq] (y) y
 Do you want an account of creatures vanquished? [ynaq] (y) y
 Do you want to see your conduct and achievements? [ynq] (y) y
 Do you want to see the dungeon overview? [ynq] (y) y

Inventory:
 Coins    ('$')
  $ - 45 gold pieces
 Weapons  (')')
  k - a cursed -1 crossbow bolt
  Q - 11 +0 darts
  a - the +0 Mjollnir (weapon in right hand)
  P - a blessed +1 quarterstaff
 Armor    ('[')
  b - an uncursed +0 cloak of magic resistance (being worn)
 Comestibles  ('%')
  J - 2 uncursed food rations
 Scrolls  ('?')
  V - 2 uncursed scrolls of enchant weapon
  i - an uncursed scroll of magic mapping
  j - 2 uncursed scrolls of teleportation
 Potions  ('!')
  r - an uncursed potion of blindness
  o - 2 uncursed potions of booze
  E - an uncursed potion of extra healing
  U - an uncursed potion of hallucination
  B - an uncursed potion of healing
  C - 2 cursed potions of healing
  h - 2 uncursed potions of levitation
  f - an uncursed potion of restore ability
  g - an uncursed potion of water
 Rings    ('=')
  q - an uncursed ring of poison resistance
  F - an uncursed ring of poison resistance
  e - an uncursed ring of see invisible (on left hand)
  d - an uncursed ring of teleportation
 Wands    ('/')
  D - a wand of digging (0:4)
  G - a wand of nothing (0:12)
  c - a wand of speed monster (0:7)
 Tools    ('(')
  n - an uncursed bugle
  T - an uncursed brass lantern (lit)
  m - a magic marker (0:19)
  R - an uncursed tallow candle
 Gems/Stones  ('*')
  N - an uncursed agate stone
  L - an uncursed chrysoberyl stone
  p - an uncursed fluorite stone
  K - an uncursed jade stone
  M - a cursed worthless piece of green glass
  W - an uncursed worthless piece of orange glass
  X - an uncursed worthless piece of violet glass
  S - an uncursed worthless piece of white glass

Jobair the Wizard's attributes:

Background:
 You were a Thaumaturge, a level 6 female elven Wizard.
 You were chaotic, on a mission for Anhur
 who was opposed by Ptah (lawful) and Thoth (neutral).
 You were right-handed.
 You were in the Gnomish Mines, on level 6.
 You entered the dungeon 3215 turns ago.
 It was the midnight hour.
 You had 628 experience points, 12 more were needed to attain level 7.

Basics:
 You had 3 out of 47 hit points.
 You had 58 out of 59 energy points (spell power).
 Your armor class was 9.
 Your wallet contained 45 zorkmids.
 Autopickup was off.

Final Characteristics:
 Your strength was 10 (limit:18).
 Your dexterity was 10 (limit:18).
 Your constitution was 16 (limit:16).
 Your intelligence was 20 (limit:20).
 Your wisdom was 10 (limit:20).
 Your charisma was 10 (limit:18).

Final Status:
 You weren't hungry.
 You were unencumbered.
 You were wielding a hammer.
 You had no skill with hammer.

Final Attributes:
 You were piously aligned.
 You were magic-protected.
 You were sleep resistant.
 You were poison resistant.
 You saw invisible.
 You had infravision.
 You were warded.
 You survived.

Miscellaneous:
 You didn't encounter any bones levels.
 Total elapsed playing time was 54 minutes and 3 seconds.

Major events:
 Turn
    1: Jobair the chaotic female elven Wizard entered the dungeon
 1245: attained the rank of Conjurer (level 3)
 1386: entered the Gnomish Mines
 2236: found Mjollnir on the floor
 2376: attained the rank of Thaumaturge (level 6)
 2871: reached Mine Town
 3215: quit

Spells:
 Name                 Level Category     Fail Retention
 force bolt             1   attack         0%   81%-90%
 slow monster           2   enchantment    0%   81%-90%
 knock                  1   matter         0%  76%-100%
 detect monsters        1   divination     0%  76%-100%

Skills:
 Fighting Skills
   bare handed combat [Unskilled]
   riding             [Unskilled]
 Weapon Skills
   dagger             [Unskilled]
   knife              [Unskilled]
   axe                [Unskilled]
   short sword        [Unskilled]
   club               [Unskilled]
   mace               [Unskilled]
   quarterstaff       [Basic]
   polearms           [Unskilled]
   spear              [Unskilled]
   trident            [Unskilled]
   sling              [Unskilled]
   dart               [Unskilled]
   shuriken           [Unskilled]
 Spellcasting Skills
   attack spells      [Basic]
   healing spells     [Unskilled]
   divination spells  [Unskilled]
   enchantment spells [Basic]
   clerical spells    [Unskilled]
   escape spells      [Unskilled]
   matter spells      [Unskilled]

Voluntary challenges:
 Character rerolling was not enabled.
 You never genocided any monsters.
 You never polymorphed an object.
 You never changed form.
 You used no wishes.
Achievements:
 You entered a shop.
 You attained the rank of Conjurer.
 You entered the Gnomish Mines.
 You attained the rank of Thaumaturge.
 You entered Minetown.
 You entered a temple.

 The Dungeons of Doom: levels 1 to 4
    Level 1:
       A fountain, a grave.
    Level 2:
       A bookstore.
    Level 3:
       A fountain.
       Stairs down to The Gnomish Mines.
    Level 4:
 The Gnomish Mines: levels 4 to 7
    Level 4:
    Level 5:
    Level 6: <- You were here.
       Some shops, a temple and an altar to Anhur, some fountains, a sink.
    Level 7:


Vanquished creatures:
  a small mimic
  a watchman
  a spotted jelly
  a pony
  a fog cloud
  a yellow light
  6 gnome leaders
  2 gnomish wizards
  2 gray oozes
  a straw golem
 10 dwarves
  2 hill orcs
  a rabid rat
  5 monkeys
  2 iguanas
  2 hobbits
  2 hobgoblins
  a cave spider
  a brown mold
  2 green molds
  a red mold
 23 gnomes
  a gnome zombie
  4 geckos
  4 jackals
  2 goblins
  6 sewer rats
  2 grid bugs
  6 lichens
  a kobold zombie
  3 newts
98 creatures vanquished.

No species were genocided or became extinct.

Goodbye Jobair the Wizard...

You quit in The Gnomish Mines on dungeon level 6 with 2867 points,
and 45 pieces of gold, after 3215 moves.
You were level 6 with a maximum of 47 hit points when you quit.

